 Dungeon Crawl Stone Soup version 0.23-a0-299-g9a66eeb (webtiles) character file.

112 Amnesiac the Charlatan (level 4, 25/25 HPs)
             Began as a Spriggan Fighter on Oct 6, 2018.
             Was an Initiate of Gozag.
             Starved to death
             ... on level 2 of the Dungeon.
             The game lasted 00:07:30 (11702 turns).

Amnesiac the Charlatan (Spriggan Fighter)          Turns: 11702, Time: 00:07:31

Health: 25/25      AC:  2    Str: 15    XL:     4   Next: 63%
Magic:  8/8        EV: 24    Int:  9    God:    Gozag
Gold:   49         SH:  6    Dex: 15    Spells: 3/3 levels left

rFire    . . .     SeeInvis +   a - +0 rapier
rCold    . . .     Gourm    .   c - +0 buckler
rNeg     . . .     Faith    .   b - +0 robe
rPois    .         Spirit   .   (helmet restricted)
rElec    +         Reflect  .   (no cloak)
rCorr    .         Harm     .   (gloves unavailable)
MR       .....                  (boots unavailable)
Stlth    +++.......             g - amulet of the Air {Inacc +Fly rElec EV+5 RMsl}
HPRegen  0.08/turn              j - ring of stealth
MPRegen  0.11/turn              (no ring)

@: fainting, repel missiles, very quick
A: very small, unfitting armour, talons 1, see invisible, herbivore, speed 3,
robust 1, screaming 1, slow metabolism 2, strong 1
a: Potion Petition, Call Merchant, Bribe Branch, Renounce Religion, Evoke Flight


You were on level 2 of the Dungeon.
You worshipped Gozag.
Gozag was noncommittal.
You were fainting.

You visited 1 branch of the dungeon, and saw 5 of its levels.

You collected 133 gold pieces.
You paid 84 gold pieces to Gozag.

Inventory:

Hand Weapons
 a - a +0 rapier (weapon)
Armour
 b - a +0 robe (worn)
 c - a +0 buckler (worn)
Jewellery
 g - the amulet of the Air (around neck) {Inacc +Fly rElec EV+5 RMsl}
   (You found it on level 4 of the Dungeon)

   [amulet of inaccuracy]

   It reduces the accuracy of all your attacks.
   It affects your evasion (+5).
   It insulates you from electricity.
   It lets you fly.
   It protects you from missiles.
 j - a ring of stealth (left hand)
Wands
 h - a wand of disintegration (10)
Scrolls
 m - a scroll of enchant weapon {!r}
Potions
 d - a potion of might {!q}
 e - a potion of haste {!q}
 l - 2 potions of lignification {!q}
 n - a potion of brilliance {!q}


   Skills:
 - Level 2.4 Fighting
 - Level 2.6 Short Blades
 - Level 4.4 Dodging
 - Level 2.2 Stealth
 - Level 2.4 Shields
 * Level 4.6 Evocations


You had 3 spell levels left.
You didn't know any spells.
Your spell library was empty.

Dungeon Overview and Level Annotations

Branches:
Dungeon (5/15)
 Temple: D:4-7

Altars:
Gozag


Innate Abilities, Weirdness & Mutations

You are very small and have problems with some larger weapons.
You are too small for most types of armour.
You have supernaturally acute eyesight. (SInv)
You are a herbivore.
You cover ground extremely quickly.
You need to consume almost no food.
You have sharp toenails.
You are robust. (+10% HP)
You occasionally shout uncontrollably at your foes.
Your muscles are strong. (Str +2)


Message History

You're too hungry to rest.
You're too hungry to rest.
You're too hungry to rest.
You're too hungry to rest.
You're too hungry to rest.
You're too hungry to rest.
You're too hungry to rest.
You're too hungry to rest.
You're too hungry to rest.
You're too hungry to rest.
You're too hungry to rest.
You're too hungry to rest.
You're too hungry to rest.
You're too hungry to rest.
You're too hungry to rest.
You're too hungry to rest.
You're too hungry to rest.
You're too hungry to rest.
You're too hungry to rest.
You're too hungry to rest.
You're too hungry to rest.
You're too hungry to rest.
You're too hungry to rest.
You're too hungry to rest.
You're too hungry to rest.
You're too hungry to rest.
You're too hungry to rest.
You're too hungry to rest.
You're too hungry to rest.
You're too hungry to rest.
You're too hungry to rest.
You're too hungry to rest.
You're too hungry to rest.
Why would you want to do that?
You're too hungry to rest.
Okay, then.
You're too hungry to rest.
Why would you want to do that?
You are fainting from starvation!
You lose consciousness!
You can move again.
You lose consciousness!
You can move again.
You lose consciousness!
You can move again.
You lose consciousness!
You can move again.
You lose consciousness!
You can move again.
You lose consciousness!
You can move again.
You lose consciousness!
You can move again.
You lose consciousness!
You can move again.
You lose consciousness!
You can move again.
You lose consciousness!
You can move again.
You lose consciousness!
You can move again.
You have starved to death.
You die...
Your body crumbles into a pile of gold.

####### #.....#
#.≈≈≈.####### #.≈@≈.......#
#.≈≈≈.#####.# #.....# #.#
##..).## #.## ##....##
##...##
########.....#####.#.#.####
#..............>..........#
#.)#####.....#####(#......#.
#..## ##...## ##.........


There were no monsters in sight!

Vanquished Creatures
  3 orc priests (D:4)
  An adder (D:2)
  A dart slug (D:2)
  A leopard gecko (D:5)
  An orc (D:4)
  A bat (D:1)
  2 hobgoblins (D:2)
  A frilled lizard (D:2)
  4 kobolds (D:2)
  A rat (D:2)
16 creatures vanquished.

Notes
Turn   | Place    | Note
-------+----------+-------------------------------------------
     0 | D:1      | Amnesiac the Spriggan Fighter began the quest for the Orb.
     0 | D:1      | Reached XP level 1. HP: 11/11 MP: 2/2
    50 | D:2      | Reached skill level 1 in Stealth
    67 | D:3      | Noticed an orc priest
   208 | D:2      | Reached XP level 2. HP: 16/16 MP: 3/3
   300 | D:4      | Found the amulet of the Air {Inacc +Fly rElec EV+5 RMsl}
   311 | D:5      | Entered Level 5 of the Dungeon
   358 | D:5      | Found an opulent altar of Gozag.
   491 | D:5      | Became a worshipper of Gozag Ym Sagoz the Greedy
   564 | D:4      | Reached XP level 3. HP: 19/19 MP: 3/5
   736 | D:4      | Reached XP level 4. HP: 23/23 MP: 5/7
  1058 | D:2      | Gained mutation: You are robust. (+10% HP) [potion of
                  | mutation]
  1058 | D:2      | Gained mutation: You have sharp toenails. [potion of
                  | mutation]
  1058 | D:2      | Gained mutation: You occasionally shout uncontrollably at
                  | your foes. [potion of mutation]
  1058 | D:2      | Gained mutation: Your muscles are strong. (Str +2) [potion
                  | of mutation]
 11319 | D:2      | Paralysed by fainting for 8 turns
 11347 | D:2      | Paralysed by fainting for 8 turns
 11365 | D:2      | Paralysed by fainting for 9 turns
 11394 | D:2      | Paralysed by fainting for 5 turns
 11514 | D:2      | Paralysed by fainting for 6 turns
 11520 | D:2      | Paralysed by fainting for 6 turns
 11535 | D:2      | Paralysed by fainting for 11 turns
 11562 | D:2      | Paralysed by fainting for 12 turns
 11580 | D:2      | Paralysed by fainting for 6 turns
 11625 | D:2      | Paralysed by fainting for 12 turns
 11678 | D:2      | Paralysed by fainting for 12 turns
 11702 | D:2      | Starved to death

Vault maps used:
D:1:      minmay_arrival_plants_in_alcoves
D:2:      lemuel_crystal_altar, corexii_corridor_pit,
          corexii_item_surrounded_by_moat, corexii_shack
D:3:      lightli_corner_chamber
D:4:      minitemple
D:5:      nicolae_gozag_cash_rules_everything_around_me,
          lemuel_coloured_pillars_altar, first_ration, basic_altar,
          minmay_strange_pillars

Skill      XL: |  1  2  3  4 |
---------------+-------------+-----
Stealth        | 2 |  2.2
Evocations     | 2 3 4 |  4.6
Fighting       | |  2.4
Short Blades   | |  2.6
Dodging        | |  4.4
Shields        | |  2.4

Action                   |  1- 3 |  4- 6 || total
-------------------------+-------+-------++-------
Melee: Rapier            |    24 |    38 ||    62
       Kick              |       |     1 ||     1
Invok: Potion Petition   |       |     1 ||     1
Evoke: Wand              |     4 |     2 ||     6
  Use: Scroll            |     3 |     2 ||     5
       Potion            |       |     4 ||     4
 Stab: Sleeping          |     2 |     1 ||     3
  Eat: Ration            |       |     3 ||     3
Armor: Robe              |     1 |       ||     1
Dodge: Dodged            |    11 |    33 ||    44
Block: Buckler           |     7 |    15 ||    22

Table legend:
 A = Non-vault XP
 B = Vault XP
 C = Vault XP percentage of total XP
 D = Non-vault monster count
 E = Vault monster count
 F = Vault count percentage of total count
                 A         B        C        D         E       F
            +---------+---------+-------+---------+---------+-------
      Total |     159 |       1 |   0.6 |      15 |       1 |   6.2
            +---------+---------+-------+---------+---------+-------
        D:1 |       2 |       0 |   0.0 |       1 |       0 |   0.0
        D:2 |      26 |       1 |   3.7 |       9 |       1 |  10.0
        D:4 |     128 |       0 |   0.0 |       4 |       0 |   0.0
        D:5 |       3 |       0 |   0.0 |       1 |       0 |   0.0
            +---------+---------+-------+---------+---------+-------
